MLB
TORONTO BLUE JAYS @ ST. LOUIS CARDINALS
07/13/2098
 
TOP OF THE 1ST
Toronto Blue Jays batting - Pitching for St. Louis Cardinals : RHP Trent Vaccaro
Pitching: RHP Trent Vaccaro
Batting: LHB Collin Coleman 0-0: Foul Ball, location: 7LMF
0-1: Foul Ball, location: 7LDF
0-2: Strikes out swinging
Batting: RHB Greg Whitaker 0-0: SINGLE (Line Drive, 6MD, EV 95.6 MPH)
Batting: LHB John Slaff 0-0: Ball
1-0: Ball
2-0: Foul Ball, location: 2LF
2-1: 2-RUN HOME RUN (Flyball, 89XD, EV 97.5 MPH), Distance : 397 ft
Batting: SHB Dennis Desper 0-0: Ball
1-0: Fly out, F8 (Flyball, 8LS, EV 81.9 MPH)
Batting: LHB Ramon Anguiano 0-0: Called Strike
0-1: Swinging Strike
0-2: Ball
1-2: Ball
2-2: Fly out, F4 (Line Drive, 4, EV 65.6 MPH)
Top of the 1st over - 2 runs, 2 hits, 0 errors, 0 left on base; Toronto 2 - St. Louis 0
BOTTOM OF THE 1ST
St. Louis Cardinals batting - Pitching for Toronto Blue Jays : LHP Greg Earle
Pitching: LHP Greg Earle
Batting: RHB Luis Saez 0-0: SINGLE (Line Drive, 78M, EV 107.5 MPH)
Batting: RHB Jeff Saxton 0-0: Called Strike
0-1: Foul Ball, location: 3F
0-2: Strikes out swinging
Batting: RHB Ryan Collier 0-0: Foul Ball, location: 5FF
0-1: SINGLE (Line Drive, 9LS, EV 89.4 MPH)
Luis Saez to second
Batting: RHB Butch Arnett 0-0: Ball
1-0: Fly out, F3 (Popup, 3L, EV 62.5 MPH)
Batting: RHB Jayden Whaley 0-0: Swinging Strike
0-1: Ball
1-1: Foul Ball, location: 2F
1-2: Reached on error, E5 (Groundball, 56, EV 88.1 MPH)
Luis Saez to third
Ryan Collier to second
Batting: RHB David Martinez 0-0: Swinging Strike
0-1: Called Strike
0-2: Ball
1-2: Ball
2-2: Strikes out swinging
Bottom of the 1st over - 0 runs, 2 hits, 1 error, 3 left on base; Toronto 2 - St. Louis 0
TOP OF THE 2ND
Toronto Blue Jays batting - Pitching for St. Louis Cardinals : RHP Trent Vaccaro
Batting: LHB Ryan Ricks 0-0: Fly out, F8 (Flyball, 8LM, EV 89.4 MPH)
Batting: RHB Justin Dupree 0-0: Foul Ball, location: 9LSF
0-1: Foul Ball, location: 2LF
0-2: Ground out 5-3 (Groundball, 56, EV 82.5 MPH)
Batting: SHB Mark Spalding 0-0: Called Strike
0-1: Swinging Strike
0-2: Fly out, F8 (Flyball, 89M, EV 90.6 MPH)
Top of the 2nd over - 0 runs, 0 hits, 0 errors, 0 left on base; Toronto 2 - St. Louis 0
BOTTOM OF THE 2ND
St. Louis Cardinals batting - Pitching for Toronto Blue Jays : LHP Greg Earle
Batting: LHB Brett Rinehart 0-0: Ball
1-0: Foul Ball, location: 2F
1-1: Ball
2-1: Ball
3-1: Foul Ball, location: 9LMF
3-2: Ground out 5-3 (Groundball, 56S, EV 74.4 MPH)
Batting: RHB Brodie Herian 0-0: Called Strike
0-1: Ball
1-1: Foul Ball, location: 2F
1-2: Foul Ball, location: 2F
1-2: Ball
2-2: Ground out 6-3 (Groundball, 6, EV 83.1 MPH)
Batting: RHB Jason Rush 0-0: Called Strike
0-1: Ball
1-1: Ball
2-1: Ball
3-1: Foul Ball, location: 9LDF
3-2: Fly out, F9 (Flyball, 89M, EV 93.8 MPH)
Bottom of the 2nd over - 0 runs, 0 hits, 0 errors, 0 left on base; Toronto 2 - St. Louis 0
TOP OF THE 3RD
Toronto Blue Jays batting - Pitching for St. Louis Cardinals : RHP Trent Vaccaro
Batting: SHB Alex Carrillo 0-0: Called Strike
0-1: Ball
1-1: Swinging Strike
1-2: Ball
2-2: Ground out 4-3 (Groundball, 4, EV 85.0 MPH)
Batting: LHB Collin Coleman 0-0: SINGLE (Groundball, 56S, EV 75.0 MPH) (infield hit)
Batting: RHB Greg Whitaker 0-0: Foul Ball, location: 2F
0-1: Ball
1-1: Ball
2-1: Ball
3-1: Called Strike
3-2: Grounds into double play, 5-4-3 (Groundball, 56S, EV 85.0 MPH)
Top of the 3rd over - 0 runs, 1 hit, 0 errors, 0 left on base; Toronto 2 - St. Louis 0
BOTTOM OF THE 3RD
St. Louis Cardinals batting - Pitching for Toronto Blue Jays : LHP Greg Earle
Batting: RHB Luis Saez 0-0: Called Strike
0-1: Ball
1-1: Ball
2-1: Swinging Strike
2-2: Ball
3-2: Strikes out looking
Batting: RHB Jeff Saxton 0-0: Ball
1-0: SINGLE (Groundball, 4MD, EV 101.3 MPH)
Batting: RHB Ryan Collier 0-0: Ball
1-0: Ball
2-0: Grounds into double play, 6-4-3 (Groundball, 6, EV 94.4 MPH)
Bottom of the 3rd over - 0 runs, 1 hit, 0 errors, 0 left on base; Toronto 2 - St. Louis 0
TOP OF THE 4TH
Toronto Blue Jays batting - Pitching for St. Louis Cardinals : RHP Trent Vaccaro
Batting: LHB John Slaff 0-0: Fly out, F7 (Flyball, 78S, EV 88.1 MPH)
Batting: SHB Dennis Desper 0-0: Foul Ball, location: 2F
0-1: Ball
1-1: Foul Ball, location: 3F
1-2: Strikes out looking
Batting: LHB Ramon Anguiano 0-0: Ball
1-0: Ball
2-0: Foul Ball, location: 23F
2-1: Ball
3-1: Swinging Strike
3-2: Ground out 4-3 (Groundball, 4, EV 91.9 MPH)
Top of the 4th over - 0 runs, 0 hits, 0 errors, 0 left on base; Toronto 2 - St. Louis 0
BOTTOM OF THE 4TH
St. Louis Cardinals batting - Pitching for Toronto Blue Jays : LHP Greg Earle
Batting: RHB Butch Arnett 0-0: Ball
1-0: Foul Ball, location: 25F
1-1: Called Strike
1-2: Ball
2-2: Ball
3-2: Foul Ball, location: 9LMF
3-2: Foul Ball, location: 5F
3-2: Fly out, F8 (Line Drive, 78M, EV 95.0 MPH)
Batting: RHB Jayden Whaley 0-0: Ball
1-0: Ground out 6-3 (Groundball, 6, EV 78.1 MPH)
Batting: RHB David Martinez 0-0: Ball
1-0: Ground out 5-3 (Groundball, 56, EV 105.6 MPH)
Bottom of the 4th over - 0 runs, 0 hits, 0 errors, 0 left on base; Toronto 2 - St. Louis 0
TOP OF THE 5TH
Toronto Blue Jays batting - Pitching for St. Louis Cardinals : RHP Trent Vaccaro
Batting: LHB Ryan Ricks 0-0: Called Strike
0-1: Ball
1-1: Ball
2-1: SINGLE (Groundball, 56D, EV 106.3 MPH)
Batting: RHB Justin Dupree 0-0: Swinging Strike
0-1: Ball
1-1: Grounds into double play, U3-6 (Groundball, 3L, EV 103.1 MPH)
Batting: SHB Mark Spalding 0-0: Ball
1-0: SINGLE (Line Drive, 78S, EV 95.0 MPH)
Batting: SHB Alex Carrillo 0-0: Ball
1-0: Fly out, F2 (Popup, 15S, EV 86.3 MPH)
Top of the 5th over - 0 runs, 2 hits, 0 errors, 1 left on base; Toronto 2 - St. Louis 0
BOTTOM OF THE 5TH
St. Louis Cardinals batting - Pitching for Toronto Blue Jays : LHP Greg Earle
Batting: LHB Brett Rinehart 0-0: Ball
1-0: Called Strike
1-1: Swinging Strike
1-2: Strikes out looking
Batting: RHB Brodie Herian 0-0: Called Strike
0-1: Foul Ball, location: 7LSF
0-2: Foul Ball, location: 2F
0-2: Ball
1-2: Ground out 6-3 (Groundball, 56, EV 88.8 MPH)
Batting: RHB Jason Rush 0-0: Ball
1-0: Foul Ball, location: 3F
1-1: Ground out 5-3 (Groundball, 56, EV 81.3 MPH)
Bottom of the 5th over - 0 runs, 0 hits, 0 errors, 0 left on base; Toronto 2 - St. Louis 0
TOP OF THE 6TH
Toronto Blue Jays batting - Pitching for St. Louis Cardinals : RHP Trent Vaccaro
Batting: LHB Collin Coleman 0-0: Ball
1-0: Foul Ball, location: 7LSF
1-1: Ground out 6-3 (Groundball, 6, EV 82.5 MPH)
Batting: RHB Greg Whitaker 0-0: DOUBLE (Line Drive, 7LD, EV 101.3 MPH)
Batting: LHB John Slaff 0-0: Called Strike
0-1: Ball
1-1: Ball
2-1: 2-RUN HOME RUN (Flyball, 89XD, EV 97.5 MPH), Distance : 382 ft
Batting: SHB Dennis Desper 0-0: SOLO HOME RUN (Flyball, 7D, EV 100.6 MPH), Distance : 373 ft
Pitching: RHP Curtis Genereux
Batting: LHB Ramon Anguiano 0-0: Ball
1-0: Called Strike
1-1: Ball
2-1: Foul Ball, location: 3F
2-2: Fly out, F6 (Popup, 6, EV 80.0 MPH)
Batting: LHB Ryan Ricks 0-0: Ball
1-0: Foul Ball, location: 2F
1-1: Ball
2-1: Ground out 1-3 (Groundball, 13, EV 70.6 MPH)
Top of the 6th over - 3 runs, 3 hits, 0 errors, 0 left on base; Toronto 5 - St. Louis 0
BOTTOM OF THE 6TH
St. Louis Cardinals batting - Pitching for Toronto Blue Jays : LHP Greg Earle
Batting: RHB Luis Saez 0-0: Fly out, F8 (Flyball, 8LM, EV 91.3 MPH)
Batting: RHB Jeff Saxton 0-0: Foul Ball, location: 2F
0-1: Ball
1-1: DOUBLE (Line Drive, 7LS, EV 106.3 MPH)
Batting: RHB Ryan Collier 0-0: Swinging Strike
0-1: Ball
1-1: Swinging Strike
1-2: Ball
2-2: Ball
3-2: Strikes out swinging
Batting: RHB Butch Arnett 0-0: Foul Ball, location: 3F
0-1: Swinging Strike
0-2: Foul Ball, location: 3FF
0-2: Foul Ball, location: 3FF
0-2: Ball
1-2: Ball
2-2: Strikes out swinging
Bottom of the 6th over - 0 runs, 1 hit, 0 errors, 1 left on base; Toronto 5 - St. Louis 0
TOP OF THE 7TH
Toronto Blue Jays batting - Pitching for St. Louis Cardinals : RHP Curtis Genereux
Batting: RHB Justin Dupree 0-0: Ball
1-0: Called Strike
1-1: Ball
2-1: Ground out 4-3 (Groundball, 4, EV 110.0 MPH)
Batting: SHB Mark Spalding 0-0: Ball
1-0: Ball
2-0: Ball
3-0: Called Strike
3-1: Foul Ball, location: 3FF
3-2: Base on Balls
Batting: SHB Alex Carrillo 0-0: Foul Ball, location: 3FF
0-1: Foul Ball, location: 2RF
0-2: Foul Ball, location: 7LDF
0-2: Ball
1-2: Strikes out swinging
Batting: LHB Collin Coleman 0-0: Foul Ball, location: 9LSF
0-1: Ball
1-1: Ball
2-1: Ground out U3 (Groundball, 3L, EV 104.4 MPH)
Top of the 7th over - 0 runs, 0 hits, 0 errors, 1 left on base; Toronto 5 - St. Louis 0
BOTTOM OF THE 7TH
St. Louis Cardinals batting - Pitching for Toronto Blue Jays : LHP Greg Earle
Batting: RHB Jayden Whaley 0-0: Swinging Strike
0-1: Swinging Strike
0-2: Ball
1-2: Foul Ball, location: 25F
1-2: Strikes out looking
Pitching: RHP Blake Dickerson
Pinch Hitting: LHB Jose Nieto 0-0: Called Strike
0-1: Ball
1-1: Ball
2-1: Ball
3-1: Ground out 4-3 (Groundball, 4D, EV 105.6 MPH)
Batting: LHB Brett Rinehart 0-0: Called Strike
0-1: Fly out, F6 (Popup, 4MD, EV 69.4 MPH)
Bottom of the 7th over - 0 runs, 0 hits, 0 errors, 0 left on base; Toronto 5 - St. Louis 0
TOP OF THE 8TH
Toronto Blue Jays batting - Pitching for St. Louis Cardinals : RHP Curtis Genereux
Now in CF: Jimmy Goldberg
Now in RF: Brett Rinehart
Batting: RHB Greg Whitaker 0-0: Ball
1-0: Ball
2-0: Foul Ball, location: 5FF
2-1: Foul Ball, location: 2F
2-2: Ball
3-2: Fly out, F8 (Flyball, 8RM, EV 90.0 MPH)
Pitching: LHP Ivan Espinosa
Batting: LHB John Slaff 0-0: Foul Ball, location: 7LMF
0-1: Ball
1-1: Ground out 6-3 (Groundball, 6, EV 87.5 MPH)
Batting: SHB Dennis Desper 0-0: SINGLE (Line Drive, 7S, EV 103.8 MPH)
Batting: LHB Ramon Anguiano 0-0: Ball
1-0: Called Strike
1-1: Ground out U3 (Groundball, 3, EV 110.0 MPH)
Top of the 8th over - 0 runs, 1 hit, 0 errors, 1 left on base; Toronto 5 - St. Louis 0
BOTTOM OF THE 8TH
St. Louis Cardinals batting - Pitching for Toronto Blue Jays : RHP Blake Dickerson
Pinch Hitting: SHB Bryan Smolka 0-0: Ball
1-0: Ball
2-0: Called Strike
2-1: Ball
3-1: Foul Ball, location: 23F
3-2: Ground out 4-3 (Groundball, 4M, EV 85.6 MPH)
Pitching: RHP Adrian Korner
Batting: RHB Jason Rush 0-0: Called Strike
0-1: Called Strike
0-2: Strikes out swinging
Batting: RHB Luis Saez 0-0: Called Strike
0-1: Called Strike
0-2: Foul Ball, location: 2F
0-2: Ball
1-2: Ball
2-2: Ball
3-2: Strikes out swinging wild pitch, reaches first!
Batting: RHB Jeff Saxton 0-0: Ball
Passed Ball!
Luis Saez to second
1-0: Called Strike
1-1: Swinging Strike
1-2: Ground out 6-3 (Groundball, 6, EV 96.9 MPH)
Bottom of the 8th over - 0 runs, 0 hits, 0 errors, 1 left on base; Toronto 5 - St. Louis 0
TOP OF THE 9TH
Toronto Blue Jays batting - Pitching for St. Louis Cardinals : LHP Ivan Espinosa
Now at SS: Jeff Saxton
Now in LF: Bryan Smolka
Pinch Hitting: RHB Victor Ramirez 0-0: Called Strike
0-1: Called Strike
0-2: Strikes out swinging
Batting: RHB Justin Dupree 0-0: Ball
1-0: Ball
2-0: DOUBLE (Line Drive, 9LM, EV 96.3 MPH)
Batting: SHB Mark Spalding 0-0: Ball
1-0: Ground out 5-3 (Groundball, 56, EV 85.6 MPH)
Justin Dupree to third
Pinch Hitting: RHB Danny Daugherty 0-0: Foul Ball, location: 25F
0-1: Ball
1-1: Ball
2-1: Swinging Strike
2-2: Strikes out looking
Top of the 9th over - 0 runs, 1 hit, 0 errors, 1 left on base; Toronto 5 - St. Louis 0
BOTTOM OF THE 9TH
St. Louis Cardinals batting - Pitching for Toronto Blue Jays : RHP Adrian Korner
Pitching: RHP Bryan Bassett
Now at C: Jake Kidd
Now in LF: Danny Daugherty
Batting: RHB Ryan Collier 0-0: Ball
1-0: Ball
2-0: SOLO HOME RUN (Flyball, 9D, EV 97.5 MPH), Distance : 368 ft
Batting: RHB Butch Arnett 0-0: Foul Ball, location: 2F
0-1: Swinging Strike
0-2: Strikes out swinging
Batting: RHB Jayden Whaley 0-0: Ball
1-0: Swinging Strike
1-1: Ball
2-1: Foul Ball, location: 3F
2-2: Strikes out looking
Batting: LHB Jimmy Goldberg 0-0: Foul Ball, location: 25F
0-1: Ball
1-1: Fly out, F7 (Flyball, 7D, EV 103.1 MPH)
Bottom of the 9th over - 1 run, 1 hit, 0 errors, 0 left on base; Toronto 5 - St. Louis 1
Tuesday, April 9th , 2024 - OOTP Baseball 24.11 Build 85